 Dungeon Crawl Stone Soup version 0.29.0-13-gc9e81de378 (webtiles) character file.

Game seed: 2335565491930580134

64 freelancePsychic the Shooter (level 3, 0/31 HPs)
             Began as a Minotaur Hunter on Sept 8, 2022.
             Slain by a gnoll
             ... wielding a +0 club
              (3 damage)
             ... on level 2 of the Dungeon.
             The game lasted 00:01:48 (869 turns).

freelancePsychic the Shooter (Minotaur Hunter)       Turns: 869, Time: 00:01:49

Health: 0/31       AC:  6    Str: 15    XL:     3   Next: 91%
Magic:  2/2        EV: 11    Int:  6    God:
Gold:   120        SH:  0    Dex: 15    Spells: 2/2 levels left

rFire   . . .      SeeInvis .   a - +0 shortbow
rCold   . . .      Faith    .   (shield currently unavailable)
rNeg    . . .      Spirit   .   i - +0 ring mail
rPois   .          Reflect  .   (helmet restricted)
rElec   .          Harm     .   g - +0 cloak
rCorr   .          Rampage  .   (no gloves)
Will    .....                   (no boots)
Stlth   +.........              (no amulet)
HPRegen 0.10/turn               (no ring)
MPRegen 0.08/turn               (no ring)

@: no status effects
A: horns 2, retaliatory headbutt
a: no special abilities


You were on level 2 of the Dungeon.
You visited 1 branch of the dungeon, and saw 2 of its levels.

You collected 120 gold pieces.

Inventory:

Hand Weapons
 a - a +0 shortbow (weapon)
Armour
 c - a +0 leather armour
 g - a +0 cloak (worn)
 i - a +0 ring mail (worn)
Jewellery
 j - a ring of protection from cold
Scrolls
 b - a scroll of immolation
 e - 2 scrolls of identify {@r1}
 m - a scroll of summoning {unknown}
Potions
 d - 3 potions of cancellation
 h - a potion of heal wounds {unknown}
 l - a potion of might {unknown}


   Skills:
 + Level 3.1 Fighting
 * Level 5.1 Ranged Weapons
 - Level 2.1 Dodging
 * Level 2.2 Stealth


You had 2 spell levels left.
You didn't know any spells.
Your spell library contained the following spells:

 Spells                   Type           Power      Damage    Failure   Level
 Static Discharge         Conj/Air       0%         3-3/arc   83%         2
 Portal Projectile        Hex/Tloc       0%         N/A       96%         3
 Tukima's Dance           Hex            0%         N/A       96%         3
 Dispel Undead            Necr           0%         3d6       100%        4
 Sticky Flame             Conj/Fire      0%         2d3       100%        4
 Blade Hands              Tmut           0%         N/A       100%        5
 Fireball                 Conj/Fire      0%         3d3       100%        5
 Starburst                Conj/Fire      0%         6d3       100%        6
 Ignition                 Fire           0%         3d3       100%        8


Dungeon Overview and Level Annotations

Branches:
Dungeon (2/15)

Altars:

Shops:
D:1 =


Innate Abilities, Weirdness & Mutations

You have a pair of horns on your head.
You reflexively headbutt those who attack you in melee.


Message History

Fire: a) +0 shortbow
Press: ? - help, Shift-Dir - straight line, f/p - gnoll
Aim: a gnoll, wielding a +0 club (65% to hit)
You shoot an arrow. The arrow barely misses the gnoll.
The gnoll closely misses you. You furiously retaliate!
You headbutt the gnoll! The gnoll hits you with a +0 club.
You feel better. The gnoll hits you with a +0 club.
Fire: a) +0 shortbow
Press: ? - help, Shift-Dir - straight line, f/p - gnoll
Aim: a gnoll, wielding a +0 club (heavily wounded, 65% to hit)
You shoot an arrow. The arrow barely misses the gnoll.
The gnoll hits you but does no damage.
Fire: a) +0 shortbow
Press: ? - help, Shift-Dir - straight line, f/p - gnoll
Aim: a gnoll, wielding a +0 club (heavily wounded, 65% to hit)
You shoot an arrow. The arrow hits the gnoll.
The gnoll is severely wounded.
The gnoll hits you with a +0 club.
Fire: a) +0 shortbow
Press: ? - help, Shift-Dir - straight line, f/p - gnoll
Aim: a gnoll, wielding a +0 club (severely wounded, 65% to hit)
You shoot an arrow. The arrow closely misses the gnoll.
The gnoll hits you but does no damage. The gnoll hits you with a +0 club.
Fire: a) +0 shortbow
Press: ? - help, Shift-Dir - straight line, f/p - gnoll
Aim: a gnoll, wielding a +0 club (severely wounded, 65% to hit)
You shoot an arrow. The arrow completely misses the gnoll.
The gnoll hits you with a +0 club.
* * * LOW HITPOINT WARNING * * *
Fire: a) +0 shortbow
Press: ? - help, Shift-Dir - straight line, f/p - gnoll
Aim: a gnoll, wielding a +0 club (severely wounded, 65% to hit)
You shoot an arrow. The arrow closely misses the gnoll.
The gnoll hits you with a +0 club.
* * * LOW HITPOINT WARNING * * *
Okay, then.
The air fills with toxic fumes!
As you read the scroll labelled NIKKIFR FEAKK, it crumbles to dust.
It was a scroll of poison.
The gnoll hits you with a +0 club.
You die...

..#...#...#...#.......
#§..#§§.#.§.#)..#..##. #
§#.§§#..§#...#...###.
..#.§.#§§.#§..#...#.....
#...#§§§#.§.#§§.#..###..
§§#..§#§§§#§§§#....#....
#§§#.§§#§§§#..####...#.
#§§§§#§g§#...###....##.
#§§§§@#.[##.#.........
#§#§§#§§§§§§§.....####
#§§.§§§§§§§.....# #
§§§§.§§§§§§§.....####
§§§§§.§§§§§§§.....##..
§§§§§####§§§§§§........#
§§§§§ ..§#§§#§.......##
§§§§§ ##§#§§§....>.#...
##.#.........###.


You could see a gnoll.

Vanquished Creatures
  2 gnolls (D:2)
  An adder (D:2)
  A worm (D:2)
  5 endoplasms (D:1)
  6 goblins
  4 jackals (D:1)
  A quokka (D:1)
  3 ball pythons
  2 bats (D:1)
  3 kobolds (D:1)
  2 rats (D:1)
30 creatures vanquished.

Notes
Turn   | Place    | Note
-------+----------+-------------------------------------------
     0 | D:1      | freelancePsychic the Minotaur Hunter began the quest for
                  | the Orb.
     0 | D:1      | Reached XP level 1. HP: 18/18 MP: 0/0
    75 | D:1      | Found a faded altar of an unknown god.
   100 | D:1      | Reached skill level 1 in Stealth
   109 | D:1      | Reached XP level 2. HP: 10/25 MP: 1/1
   374 | D:1      | Found Afotabb's Jewellery Shop.
   726 | D:2      | Reached XP level 3. HP: 30/30 MP: 2/2
   844 | D:2      | Reached skill level 5 in Ranged Weapons
   869 | D:2      | Slain by a gnoll

Illustrated notes

Levels and vault maps discovered:
D:1:      minmay_arrival_shattered_statue, layout_basic,
          shapermc_ecumenical_altar_notcrosses, serial_shops, shop
D:2:      layout_rooms, basic_altar, hex_large, uniq_crazy_yiuf_cottage

Skill      XL: |  1  2  3 |
---------------+----------+-----
Stealth        | 1 2 |  2.2
Fighting       | 3 |  3.1
Ranged Weapons | 5 |  5.1
Dodging        | |  2.1

Action                   || total
-------------------------++-------
 Fire: Shortbow          ||    83
  Use: Scroll            ||     3
       Potion            ||     2
Armor: Leather armour    ||     7
       Ring mail         ||     8
Dodge: Dodged            ||    22
